Map: Tropic Shores

Players

deadgrayfox - Winner!

  • Race: Zerg Zerg
  • Spawn Location: 11:00

stigmurder - Winner!

  • Race: Terran Terran
  • League: Diamond
  • Spawn Location: 12:00

kermit - Winner!

  • Race: Protoss Protoss
  • Spawn Location: 12:00

Vloodzy - Winner!

  • Race: Zerg Zerg
  • League: Silver
  • Spawn Location: 0:00

Hammer

  • Race: Terran Terran
  • Spawn Location: 5:00

sunil

  • Race: Protoss Protoss
  • Spawn Location: 6:00

Infamous

  • Race: Protoss Protoss
  • League: Silver
  • Spawn Location: 6:00

Tauchl

  • Race: Terran Terran
  • Spawn Location: 5:00

VOD

Have the link to the VOD?

Description

Time

  • Played on: March 27, 2018, 10:40 a.m.
  • Length: 20:26
Show
View Real Time Build Order
Export as new Build Order

deadgrayfox Zerg - Winner!

Build Orders: Pool First 

Get SALT Encoding   

  12  0:24  Spawning Pool  
  11  0:53  Hatchery  
  11  1:14  Zergling x2  
  11  1:15  Zergling x2  
  12  1:28  Zergling x2  
  13  1:38  Zergling x2  
  14  1:43  Extractor  
  14  1:46  Extractor  
  13  1:47  Zergling x2  
  13  1:55  Zergling x2  
  15  2:06  Overlord  
  15  2:08  Zergling x2  
  16  2:10  Queen  
  15  2:54  Overlord  
  14  3:12  Drone  
  15  3:13  Drone x2, Queen  
  16  3:38  Zergling x2  
  16  3:39  Zergling x2  
  18  3:47  Zergling x6  
  20  3:57  Zergling x2  
  21  4:31  Extractor  
  21  4:33  Drone  
  21  4:34  Drone  
  21  4:38  Overlord  
  22  4:40  Overlord  
  22  4:46  Metabolic Boost  
  16  5:14  Zergling x2  
  16  5:15  Spine Crawler  
  16  5:17  Spine Crawler  
  12  5:44  Zergling x4  
  13  6:10  Lair  
  11  6:23  Zergling x4  
  13  6:42  Zergling x6  
  16  6:52  Zergling x2  
  16  6:53  Zergling x2  
  18  7:03  Drone  
  18  7:04  Drone  
  20  7:12  Drone  
  21  7:32  Spire  
  21  7:36  Drone x2  
  15  8:04  Pneumatized Carapace  
  15  8:13  Drone x4  
  19  8:37  Overseer  
  19  8:44  Mutalisk  
  21  9:28  Mutalisk x2  
  25  9:40  Zergling x2  
  25  9:41  Mutalisk, Zergling x2  
  25  10:09  Mutalisk  
  25  10:17  Mutalisk  
  23  10:28  Overseer  
  23  10:31  Zergling x8  
  26  10:44  Mutalisk  
  19  11:33  Corruptor  
  19  11:34  Corruptor  
  23  11:43  Corruptor  
  23  11:45  Drone  
  26  12:02  Corruptor  
  28  12:25  Corruptor  
  28  12:27  Overlord  
  30  12:48  Corruptor  
  32  12:54  Hatchery  
  32  12:57  Corruptor  
  33  13:16  Zerg Flyer Weapons Level 1  
  33  13:29  Drone x3  
  33  13:30  Drone  
  37  13:52  Overlord x2  
  33  14:09  Overlord x3  
  33  14:10  Overlord  
  33  14:21  Corruptor  
  35  14:51  Zergling x2  
  35  14:52  Zergling x10  
  41  15:09  Zergling x2  
  41  15:29  Zergling x6  
  44  15:44  Corruptor  
  46  15:51  Hatchery  
  45  15:57  Overseer  
  45  16:08  Extractor  
  45  16:10  Corruptor  
  46  16:26  Corruptor  
  31  17:06  Infestation Pit  
  30  17:20  Zergling x8  
  30  17:21  Zergling x2  
  29  17:58  Hive  
  29  18:11  Overseer  
  23  19:14  Viper  
  23  19:15  Viper x3  
  34  19:18  Zergling x6  
  37  19:28  Overseer  
Show
View Real Time Build Order
Export as new Build Order

stigmurder Terran - Winner!

Build Orders:  

Get SALT Encoding   

  12  0:01  SCV  
  13  0:13  SCV  
  14  0:19  Supply Depot  
  14  0:26  SCV  
  15  0:42  Barracks  
  15  0:46  SCV, Refinery  
  16  1:14  SCV  
  16  1:17  Refinery  
  17  1:26  SCV  
  18  1:35  Engineering Bay  
  18  1:44  Orbital Command  
  18  1:55  Factory  
  18  2:29  Marine  
  19  2:56  Factory Tech Lab  
  18  3:06  SCV  
  19  3:18  Siege Tank, SCV  
  23  3:27  Factory  
  23  3:30  SCV  
  23  3:32  Command Center  
  23  4:10  Factory Tech Lab  
  23  4:18  Supply Depot  
  23  4:23  Supply Depot  
  23  4:28  SCV  
  23  4:39  Siege Tank  
  23  4:41  Supply Depot, SCV  
  23  4:45  Siege Tank  
  26  4:53  SCV  
  27  5:12  Siege Tank  
  30  5:51  Supply Depot  
  30  5:57  Supply Depot  
  30  6:00  Supply Depot  
  30  6:12  Siege Tank x2, SCV  
  37  6:25  SCV  
  29  6:37  SCV  
  30  6:49  SCV  
  30  6:52  Siege Tank x2  
  30  6:53  Armory  
  37  7:01  SCV  
  38  7:13  SCV  
  39  7:24  Siege Tank x2  
  39  7:25  SCV  
  40  7:37  SCV  
  41  7:49  SCV  
  42  8:01  SCV  
  43  8:08  Thor x2  
  55  8:13  SCV, Terran Vehicle Weapons Level 1  
  55  8:18  Refinery  
  56  8:20  Refinery  
  56  8:25  SCV  
  57  8:38  SCV  
  58  8:43  Engineering Bay  
  58  8:50  SCV, Thor  
  62  9:02  SCV  
  63  9:07  Smart Servos  
  63  9:11  Missile Turret  
  63  9:14  SCV  
  64  9:26  SCV  
  64  9:30  Command Center  
  65  9:35  Thor x2  
  65  9:36  Missile Turret  
  78  9:38  SCV  
  60  10:35  Thor  
  60  10:36  Thor  
  72  10:44  Barracks  
  72  11:18  Sensor Tower, Thor  
  78  12:00  Orbital Command  
  75  12:02  Orbital Command  
  75  12:25  Supply Depot  
  75  12:30  Supply Depot  
  75  12:31  SCV  
  76  12:44  SCV  
  77  12:48  Thor x2  
  77  12:50  Supply Depot, Command Center  
  89  12:52  Terran Vehicle Weapons Level 2  
  89  12:53  Supply Depot  
  89  12:54  Factory  
  89  12:56  SCV  
  90  13:08  SCV  
  91  13:14  Supply Depot  
  91  13:16  Supply Depot  
  91  13:17  Refinery x2  
  91  13:20  SCV  
  92  13:30  Thor  
  92  13:31  Thor  
  92  13:32  SCV  
  105  13:38  Supply Depot  
  105  13:42  Supply Depot  
  99  14:13  Thor  
  99  14:14  Thor  
  77  14:41  Factory Tech Lab  
  71  14:48  Factory  
  68  15:39  Factory Tech Lab  
  68  15:42  Thor x2  
  68  15:43  Thor  
  86  16:05  Thor  
  92  16:25  Thor x3  
  110  16:48  Thor, Armory  
  110  16:53  SCV  
  117  17:05  SCV  
  117  17:08  Thor x3  
  136  17:17  SCV  
  136  17:21  Refinery  
  137  17:23  Refinery  
  137  17:29  SCV  
  138  17:41  SCV  
  139  17:52  Thor x3  
  139  17:58  Thor  
  163  18:17  Thor x11  
  158  18:43  SCV  
  159  18:55  SCV  
  124  19:07  SCV  
  125  19:19  SCV  
  126  19:31  SCV  
Show
View Real Time Build Order
Export as new Build Order

kermit Protoss - Winner!

Build Orders:  

Get SALT Encoding   

  12  0:16  Pylon  
  12  0:24  Assimilator  
  12  0:27  Probe  
  13  0:39  Probe  
  14  0:51  Probe  
  15  1:02  Gateway  
  15  1:03  Probe  
  16  1:08  Forge  
  16  1:52  Nexus  
  16  1:57  Probe  
  17  2:04  Pylon  
  17  2:09  Probe  
  17  2:11  Pylon  
  18  2:17  Assimilator  
  18  2:22  Probe  
  19  2:26  Pylon  
  19  2:29  Pylon  
  19  2:35  Pylon  
  19  2:40  Pylon  
  19  2:46  Pylon  
  19  2:52  Pylon  
  19  3:02  Assimilator  
  19  3:08  Assimilator  
  19  3:11  Probe  
  20  3:23  Probe  
  21  3:35  Probe  
  22  3:47  Pylon, Probe  
  23  3:50  Pylon  
  23  3:54  Assimilator  
  23  3:59  Probe  
  24  4:04  Nexus  
  24  4:11  Probe  
  25  4:23  Probe, Cybernetics Core  
  26  4:30  Cybernetics Core  
  26  4:46  Photon Cannon  
  26  4:50  Pylon  
  26  5:00  Photon Cannon  
  26  5:03  Photon Cannon  
  26  5:07  Pylon  
  26  5:10  Photon Cannon  
  26  5:19  Probe  
  27  5:24  Probe  
  28  5:37  Probe  
  29  5:49  Probe  
  30  5:50  Pylon  
  30  6:01  Probe  
  31  6:06  Pylon  
  31  6:13  Probe  
  31  6:15  Photon Cannon  
  32  6:22  Photon Cannon  
  32  6:32  Stargate  
  32  6:33  Stargate  
  32  6:41  Stargate  
  32  6:42  Probe  
  33  6:47  Probe  
  33  6:54  Probe  
  35  6:59  Probe  
  35  7:00  Stargate  
  36  7:05  Stargate  
  36  7:06  Probe  
  37  7:11  Probe  
  37  7:12  Stargate  
  38  7:16  Robotics Facility  
  38  7:18  Probe, Fleet Beacon  
  39  7:30  Probe, Twilight Council  
  39  7:36  Stargate  
  40  7:54  Probe  
  41  7:59  Probe  
  42  8:06  Probe  
  42  8:09  Robotics Bay  
  42  8:11  Probe  
  44  8:18  Probe  
  32  8:31  Photon Cannon  
  32  8:32  Photon Cannon  
  32  8:39  Pylon  
  32  8:48  Assimilator  
  32  8:57  Pylon  
  32  9:02  Photon Cannon  
  32  9:07  Photon Cannon  
  32  9:08  Probe  
  33  9:20  Probe  
  33  9:21  Pylon  
  34  9:32  Probe  
  34  9:34  Protoss Air Armor Level 1  
  34  9:35  Protoss Air Weapons Level 1  
  35  9:44  Probe x2  
  37  9:56  Probe x2  
  39  10:00  Photon Cannon  
  39  10:07  Photon Cannon  
  39  10:08  Probe  
  39  10:09  Pylon  
  39  10:38  Probe  
  40  10:48  Carrier  
  40  10:49  Carrier x2  
  52  10:50  Probe, Carrier  
  52  10:51  Carrier  
  52  10:52  Carrier  
  77  11:07  Carrier  
  83  11:22  Probe  
  84  11:33  Probe  
  84  11:34  Probe  
  86  11:46  Probe  
  87  12:10  Probe  
  88  12:26  Graviton Catapult  
  88  12:32  Protoss Air Weapons Level 2  
  88  12:33  Protoss Air Armor Level 2  
  88  13:05  Void Ray x2  
  92  13:06  Void Ray x2  
  92  13:07  Void Ray  
  92  13:08  Void Ray x2  
  116  13:36  Pylon  
  116  13:48  Nexus  
  116  14:23  Pylon  
  116  14:33  Assimilator  
  116  14:37  Assimilator  
  116  14:41  Pylon  
  116  15:02  Probe  
  117  15:11  Carrier x3  
  117  15:12  Carrier x2  
  117  15:13  Carrier x2  
  160  15:14  Probe  
  160  15:26  Probe  
  161  15:32  Probe  
  162  15:38  Probe  
  163  15:44  Probe  
  164  15:50  Probe  
  164  15:56  Probe  
  166  16:20  Probe  
  167  16:28  Probe  
  168  16:32  Probe  
  168  16:37  Protoss Air Weapons Level 3  
  168  16:38  Protoss Air Armor Level 3  
  169  16:40  Probe  
  169  16:45  Probe  
  171  16:52  Probe  
  172  17:02  Probe  
  172  17:04  Probe  
  174  17:14  Probe  
  175  17:16  Probe  
  175  17:18  Nexus  
  175  17:22  Assimilator  
  176  17:26  Probe  
  176  17:27  Assimilator  
  177  17:34  Pylon  
  174  17:38  Probe  
  172  18:21  Pylon  
  172  18:27  Pylon  
  172  18:32  Probe  
  173  18:37  Probe  
  174  18:44  Probe  
  175  18:49  Probe  
  176  19:01  Probe  
Show
View Real Time Build Order
Export as new Build Order

Vloodzy Zerg - Winner!

Build Orders: 3 Hatch before Pool 

Get SALT Encoding   

  12  0:10  Overlord  
  12  0:13  Drone  
  13  0:29  Drone  
  13  0:30  Drone  
  15  0:38  Drone  
  16  0:46  Drone  
  17  1:02  Drone  
  18  1:08  Drone  
  19  1:23  Drone  
  20  1:30  Hatchery  
  20  1:31  Hatchery  
  18  1:34  Drone  
  18  1:36  Extractor  
  18  1:39  Extractor  
  17  1:46  Drone  
  18  1:55  Drone  
  18  2:00  Drone  
  20  2:10  Drone  
  21  2:20  Spawning Pool  
  20  2:25  Evolution Chamber  
  20  2:27  Drone  
  20  2:28  Evolution Chamber  
  19  2:36  Drone  
  20  2:47  Drone x3  
  23  2:55  Drone x2  
  23  2:57  Drone  
  26  3:11  Drone x3  
  29  3:18  Zerg Missile Weapons Level 1  
  29  3:24  Zerg Ground Armor Level 1  
  29  3:29  Overlord  
  29  3:43  Lair  
  29  3:44  Drone  
  29  3:45  Drone x2  
  29  3:46  Drone  
  33  3:50  Drone  
  33  3:51  Drone  
  33  3:53  Drone  
  36  3:57  Drone  
  36  4:01  Overlord  
  37  4:03  Drone  
  38  4:11  Drone  
  38  4:13  Drone x3  
  42  4:18  Overlord  
  42  4:23  Extractor  
  41  4:24  Drone, Extractor  
  41  4:25  Drone  
  41  4:26  Drone  
  43  4:38  Zergling x2  
  43  4:39  Zergling x4  
  43  4:40  Zergling x2  
  43  4:41  Zergling x2  
  48  4:47  Hydralisk Den  
  48  4:51  Zergling x2  
  48  4:52  Zergling x2  
  49  4:53  Zergling x2  
  50  5:03  Zergling x6  
  50  5:18  Hydralisk x2, Infestation Pit  
  50  5:19  Hydralisk x2  
  51  5:40  Hydralisk x4  
  55  6:08  Drone  
  55  6:09  Drone  
  55  6:10  Overlord  
  57  6:16  Overlord  
  57  6:18  Zerg Missile Weapons Level 2  
  57  6:23  Zerg Ground Armor Level 2  
  57  6:30  Spore Crawler  
  57  6:32  Spore Crawler  
  55  6:33  Spore Crawler  
  55  6:34  Spore Crawler  
  53  6:49  Spore Crawler x2, Drone  
  53  6:50  Drone x8  
  53  6:52  Spore Crawler x2  
  58  6:55  Grooved Spines  
  58  6:58  Hive  
  58  7:08  Drone x3  
  61  7:13  Drone  
  62  7:15  Hydralisk  
  62  7:16  Hydralisk  
  66  7:28  Hydralisk x3  
  66  8:07  Muscular Augments  
  66  8:14  Hydralisk, Overlord x2  
  66  8:15  Hydralisk x3  
  74  8:26  Overseer  
  74  8:28  Overseer  
  74  8:29  Overlord  
  74  8:30  Overlord  
  74  8:49  Hydralisk x5  
  74  8:50  Hydralisk x2  
  88  9:06  Spore Crawler x3  
  88  9:09  Spore Crawler  
  84  9:12  Drone x4  
  88  9:38  Hydralisk x5  
  88  9:39  Hydralisk  
  100  9:48  Hydralisk x3  
  100  9:50  Overlord  
  100  9:51  Overlord  
  100  10:05  Zerg Missile Weapons Level 3  
  76  10:55  Drone x4  
  80  10:57  Drone  
  80  10:58  Drone  
  80  10:59  Drone  
  80  11:01  Drone  
  80  11:03  Hydralisk  
  86  11:10  Nydus Network  
  85  11:11  Pneumatized Carapace  
  85  11:13  Zerg Ground Armor Level 3  
  84  11:40  Hydralisk  
  84  11:41  Hydralisk x8  
  102  12:36  Nydus Canal  
  102  12:43  Hydralisk x4  
  102  12:44  Hydralisk x2  
  104  12:47  Overlord x2  
  104  12:50  Overlord  
  96  13:26  Nydus Canal  
  96  13:30  Hydralisk  
  96  13:31  Hydralisk x8  
  112  13:59  Nydus Canal  
  108  14:05  Hydralisk x2  
  76  14:29  Hydralisk x8  
  70  15:02  Nydus Canal  
  70  15:04  Hydralisk x4  
  64  15:42  Nydus Canal  
  64  15:43  Hydralisk x5  
  64  15:46  Hatchery  
  73  16:20  Nydus Canal  
  73  16:25  Hydralisk x6  
  85  16:51  Drone x8  
  93  17:14  Nydus Canal  
  93  17:16  Hydralisk x2  
  93  17:17  Hydralisk x4  
  105  17:28  Extractor  
  104  17:31  Extractor  
  103  17:43  Nydus Canal  
  103  17:46  Hydralisk x2  
  107  17:58  Hydralisk x2  
  103  18:23  Nydus Canal  
  103  18:27  Hydralisk x4  
  103  18:33  Drone x4  
  111  18:56  Hydralisk  
  111  18:57  Hydralisk x4  
  111  19:02  Nydus Canal  
  91  20:08  Hatchery  
Show
View Real Time Build Order
Export as new Build Order

Hammer Terran 

Build Orders:  

Get SALT Encoding   

  12  0:02  SCV  
  14  0:14  SCV  
  14  0:26  SCV  
  15  0:41  Refinery  
  15  0:52  Supply Depot  
  15  0:59  Engineering Bay  
  15  1:13  SCV  
  15  1:17  Barracks  
  16  1:26  SCV  
  16  1:30  Barracks  
  17  1:38  Missile Turret, SCV  
  18  1:50  SCV  
  19  2:00  Supply Depot  
  19  2:02  SCV  
  19  2:06  Marine  
  21  2:11  Terran Infantry Weapons Level 1  
  21  2:17  Marine  
  22  2:24  Marine  
  23  2:31  Refinery  
  23  2:35  Marine  
  24  2:37  SCV  
  24  2:41  Marine  
  26  2:53  Marine, Orbital Command  
  27  2:59  Marine  
  28  3:06  Supply Depot  
  28  3:11  Marine  
  29  3:17  Marine  
  30  3:29  Marine, SCV  
  32  3:35  Marine  
  33  3:41  Factory, SCV  
  33  3:44  Supply Depot  
  33  3:47  Marine  
  35  4:05  Terran Infantry Armor Level 1  
  35  4:09  Barracks Tech Lab  
  35  4:11  Barracks Reactor  
  35  4:30  Factory Tech Lab  
  35  4:32  Combat Shields  
  35  4:38  Command Center  
  25  5:46  Siege Tank  
  27  5:50  Marine  
  27  5:51  Marine x2  
  27  5:54  SCV  
  31  6:01  Refinery  
  31  6:04  SCV  
  32  6:06  SCV  
  32  6:08  Marine  
  32  6:09  Marine x2  
  36  6:16  SCV  
  37  6:18  Siege Tank  
  37  6:19  SCV  
  37  6:20  Factory  
  41  6:26  Marine x3  
  41  6:28  SCV  
  41  6:31  SCV  
  46  6:40  SCV  
  46  6:43  SCV  
  46  6:44  Marine x3  
  51  6:50  Siege Tank  
  51  6:52  SCV  
  55  6:55  SCV  
  56  7:01  Marine  
  56  7:02  Marine x2  
  56  7:04  SCV  
  56  7:07  SCV, Refinery  
  61  7:16  SCV  
  61  7:19  Marine, SCV  
  61  7:20  Marine x2  
  61  7:21  Supply Depot, Factory Tech Lab  
  66  7:22  Siege Tank  
  66  7:28  SCV  
  70  7:31  Starport  
  70  7:42  Marine x2  
  70  7:43  SCV  
  73  7:48  SCV  
  73  7:50  Supply Depot  
  74  7:55  Widow Mine  
  76  8:00  SCV  
  77  8:11  Starport Reactor  
  77  8:15  Supply Depot  
  77  8:16  Widow Mine  
  79  8:22  Armory  
  79  8:24  Marine x3  
  82  8:29  Widow Mine  
  82  8:32  Liberator  
  82  8:33  Liberator  
  84  8:38  Widow Mine  
  86  8:42  Marine x3  
  95  8:59  Marine  
  95  9:00  Marine x2  
  98  9:15  Liberator  
  98  9:16  Liberator  
  98  9:17  Marine  
  98  9:18  Marine x2  
  98  9:23  Terran Ship Weapons Level 1  
  101  9:35  Marine  
  105  10:15  Viking  
  105  10:16  Viking  
  105  10:19  Terran Infantry Armor Level 2  
  88  10:44  Missile Turret, Widow Mine x2  
  88  10:45  Viking  
  88  10:46  Viking  
  96  10:50  Missile Turret  
  96  10:56  Missile Turret  
  96  11:05  Widow Mine x2  
  100  11:12  Missile Turret  
  100  11:15  Viking  
  100  11:17  Terran Vehicle And Ship Armor Level 1  
  100  11:18  Supply Depot  
  90  12:27  Ghost Academy  
  90  12:32  Ghost Academy  
  90  12:35  Terran Infantry Weapons Level 2  
  90  12:41  Supply Depot  
  90  12:50  Viking x2  
  94  13:07  Marine x3  
  94  13:11  Terran Vehicle Weapons Level 1  
  97  13:20  Viking x2  
  97  13:24  Marine  
  97  13:25  Marine x2  
  104  13:32  Siege Tank x2  
  110  13:40  Nuke, Personal Cloaking  
  110  13:42  Marine  
  110  13:43  Marine x2  
  113  13:50  Viking x2  
  117  14:00  Marine  
  117  14:01  Marine x2  
  120  14:04  Siege Tank  
  123  14:17  Armory  
  123  14:18  Marine x2, Starport, Ghost  
  123  14:20  Viking x2  
  131  14:36  Marine x2  
  129  14:47  Ghost  
  125  15:02  Siege Tank  
  125  15:03  Siege Tank  
  125  15:05  Nuke  
  125  15:06  Starport Reactor, Viking  
  133  15:07  Viking  
  133  15:11  Marine x2  
  137  15:15  Marine  
  130  15:29  Marine x2  
  130  15:33  Marine  
  130  15:36  Viking  
  130  15:37  Viking  
  134  15:45  Terran Infantry Weapons Level 3  
  134  15:46  Marine, Terran Ship Weapons Level 2  
  134  15:47  Marine  
  136  15:51  Marine  
  136  15:52  Terran Vehicle And Ship Armor Level 2  
  137  16:04  Marine  
  137  16:05  Marine  
  137  16:06  Viking  
  137  16:07  Viking  
  137  16:09  Marine  
  144  16:14  Viking x2  
  148  16:22  Marine x2  
  150  16:27  Marine  
  151  16:36  Viking  
  151  16:37  Viking  
  155  16:44  Marine, Viking x2  
  158  17:06  Viking  
  158  17:07  Viking  
  162  17:14  Viking  
  164  17:46  Nuke x2  
  164  18:01  Viking  
  166  18:08  Supply Depot  
  166  18:21  Viking  
  166  18:22  Marine x2  
  166  18:29  Marine  
  166  18:31  Viking  
  169  18:40  Marine  
  170  18:44  Siege Tank x2  
  176  18:51  Viking  
  178  19:01  Viking  
  153  19:13  Marine x3  
  155  19:21  Viking  
  156  19:31  Marine x3  
  115  19:48  Marine  
  115  19:49  Marine x2  
Show
View Real Time Build Order
Export as new Build Order

sunil Protoss 

Build Orders:  

Get SALT Encoding   

  12  0:01  Probe  
  13  0:14  Probe  
  14  0:22  Pylon  
  14  0:27  Probe  
  15  0:43  Forge  
  15  1:19  Pylon  
  15  1:28  Pylon  
  15  1:30  Probe  
  16  1:39  Photon Cannon  
  15  1:42  Probe  
  15  1:43  Photon Cannon  
  16  2:09  Pylon  
  16  2:28  Photon Cannon  
  16  2:31  Photon Cannon  
  16  2:42  Photon Cannon  
  16  2:43  Probe (Chrono Boost)  
  16  2:44  Assimilator  
  16  2:53  Probe (Chrono Boost)  
  17  2:58  Probe (Chrono Boost)  
  18  3:10  Probe  
  18  3:11  Assimilator  
  19  3:13  Gateway  
  19  3:26  Probe  
  20  3:42  Nexus  
  20  3:44  Pylon  
  20  4:08  Cybernetics Core  
  20  4:10  Pylon  
  20  4:17  Photon Cannon  
  20  4:20  Assimilator  
  20  4:30  Gateway  
  20  4:33  Gateway  
  20  4:45  Warp Gate (Chrono Boost)  
  20  4:52  Robotics Facility  
  20  4:58  Photon Cannon  
  20  5:00  Probe  
  21  5:43  Warp Prism  
  23  5:53  Probe (Chrono Boost)  
  23  5:54  Twilight Council  
  24  5:59  Probe (Chrono Boost)  
  26  6:09  Probe x2 (Chrono Boost)  
  27  6:15  Protoss Ground Armor Level 1 (Chrono Boost)  
  27  6:16  Probe, Gateway  
  28  6:28  Probe  
  29  6:40  Dark Shrine, Pylon  
  29  6:41  Probe (Chrono Boost)  
  29  6:45  Probe (Chrono Boost)  
  31  6:51  Probe (Chrono Boost)  
  33  6:54  Probe (Chrono Boost)  
  33  7:03  Assimilator  
  33  7:04  Probe  
  34  7:16  Probe  
  35  7:28  Probe  
  36  7:41  Probe  
  37  7:53  Probe  
  37  7:57  Dark Templar x3  
  37  7:58  Dark Templar  
  46  8:05  Probe  
  47  8:17  Probe  
  48  8:29  Probe  
  49  8:41  Probe  
  48  8:53  Probe  
  48  8:54  Dark Templar  
  48  8:55  Dark Templar x3  
  51  9:00  Immortal  
  51  9:01  Probe  
  56  9:10  Charge  
  56  9:12  Gateway  
  56  9:13  Probe  
  56  9:14  Gateway  
  56  9:16  Gateway  
  57  9:25  Probe  
  52  9:37  Probe  
  51  9:49  Probe, Robotics Bay  
  52  9:54  Probe, Robotics Facility  
  52  9:59  Pylon  
  53  10:05  Nexus  
  53  10:06  Probe  
  54  10:08  Assimilator  
  54  10:11  Immortal  
  54  10:12  Assimilator  
  58  10:20  Dark Templar x5  
  58  10:21  Dark Templar  
  70  10:22  Dark Templar  
  56  10:47  Colossus  
  56  10:49  Colossus  
  62  10:50  Stalker  
  70  11:03  Stalker  
  70  11:04  Stalker x3  
  74  11:10  Extended Thermal Lance  
  78  11:51  Probe  
  79  11:57  Stalker x3  
  79  11:58  Stalker x2  
  79  11:59  Pylon  
  89  12:03  Probe  
  89  12:04  Pylon  
  89  12:05  Pylon  
  90  12:15  Probe  
  90  12:16  Colossus  
  90  12:21  Stalker  
  90  12:22  Stalker x2  
  103  12:23  Stalker  
  103  12:27  Probe  
  106  12:54  Stalker  
  83  13:32  Pylon  
  83  13:39  Pylon  
  83  13:41  Pylon  
  83  13:42  Pylon  
  83  13:46  Probe  
  71  13:50  Dark Templar x4  
  74  13:58  Probe  
  47  14:10  Probe, Nexus  
  48  14:22  Probe  
  22  14:56  Probe  
  23  15:08  Probe  
  24  15:20  Probe  
  25  15:32  Probe  
  26  15:42  Nexus  
  26  15:44  Probe  
  26  15:46  Assimilator  
  27  15:50  Assimilator  
  12  17:33  Nexus  
Show
View Real Time Build Order
Export as new Build Order

Infamous Protoss 

Build Orders:  

Get SALT Encoding   

  12  0:05  Probe  
  13  0:18  Probe  
  14  0:21  Pylon  
  14  0:35  Probe  
  15  0:44  Gateway  
  15  0:48  Probe (Chrono Boost)  
  16  0:58  Probe (Chrono Boost)  
  16  1:00  Pylon  
  16  1:01  Assimilator  
  17  1:19  Gateway  
  17  1:20  Probe (Chrono Boost)  
  18  1:32  Probe (Chrono Boost)  
  19  1:33  Cybernetics Core  
  19  1:41  Probe  
  20  1:53  Probe  
  21  1:54  Assimilator  
  21  2:00  Forge  
  21  2:05  Probe  
  21  2:06  Warp Gate (Chrono Boost)  
  22  2:09  Pylon  
  22  2:14  Zealot  
  24  2:31  Shield Battery  
  24  2:37  Probe  
  24  2:41  Zealot  
  27  2:49  Photon Cannon  
  27  3:00  Probe  
  27  3:04  Photon Cannon  
  28  3:06  Zealot (Chrono Boost)  
  30  3:30  Pylon  
  30  3:35  Gateway  
  30  3:38  Gateway  
  30  3:50  Probe  
  27  4:08  Robotics Facility  
  27  4:10  Stalker x2  
  27  4:38  Zealot  
  27  4:42  Probe  
  30  4:48  Pylon  
  30  4:57  Immortal  
  34  5:01  Adept  
  34  5:02  Adept x3  
  42  5:35  Adept x4  
  38  5:57  Immortal  
  42  5:59  Sentry, Protoss Ground Weapons Level 1 (Chrono Boost)  
  42  6:00  Sentry  
  42  6:01  Stalker  
  48  6:09  Probe  
  49  6:21  Forge  
  49  6:26  Twilight Council  
  49  6:34  Stalker  
  49  6:36  Zealot  
  49  6:39  Adept  
  55  6:53  Shield Battery  
  55  6:55  Pylon  
  55  7:00  Charge (Chrono Boost)  
  55  7:04  Protoss Ground Armor Level 1 (Chrono Boost)  
  55  7:13  Probe  
  56  7:18  Zealot x2  
  60  7:26  Sentry  
  48  7:42  Stalker x2  
  35  7:55  Zealot x2  
  39  8:06  Probe  
  38  8:33  Nexus  
  32  8:35  Pylon  
  32  8:51  Protoss Shields Level 1 (Chrono Boost)  
  32  9:06  Templar Archives  
  32  9:14  Zealot  
  34  9:17  Sentry  
  36  9:26  Protoss Ground Armor Level 2 (Chrono Boost)  
  36  9:46  Probe (Chrono Boost)  
  36  9:51  Probe (Chrono Boost)  
  38  9:54  Sentry  
  41  10:00  Probe (Chrono Boost)  
  41  10:19  Probe x2  
  33  10:28  Gateway  
  33  10:30  Gateway  
  33  10:32  High Templar  
  35  10:46  Assimilator  
  35  10:47  Probe (Chrono Boost), Psionic Storm  
  37  10:50  Assimilator  
  37  10:53  Probe (Chrono Boost)  
  38  10:57  Probe (Chrono Boost)  
  38  10:58  Pylon  
  38  11:01  Probe (Chrono Boost)  
  39  11:07  Adept  
  39  11:08  Adept  
  43  11:29  Protoss Shields Level 2 (Chrono Boost)  
  43  11:38  Probe x2  
  45  11:50  Probe, Gateway  
  45  11:51  Gateway, High Templar  
  48  11:54  Stalker  
  46  12:18  High Templar x2  
  50  12:23  Zealot  
  50  12:24  Zealot x3  
  58  12:31  Immortal  
  62  12:48  Probe (Chrono Boost)  
  62  12:51  Pylon, Probe (Chrono Boost)  
  64  12:54  Pylon  
  64  12:58  Photon Cannon  
  65  12:59  Probe (Chrono Boost), Shield Battery  
  65  13:03  Probe (Chrono Boost)  
  66  13:06  Protoss Ground Weapons Level 2 (Chrono Boost)  
  66  13:12  Zealot x3  
  70  13:13  Zealot x2  
  76  13:23  High Templar  
  78  13:29  Archon  
  78  13:30  Archon  
  78  13:34  High Templar x2  
  82  13:49  Stalker x2  
  82  13:50  Stalker x3  
  66  14:15  High Templar x2  
  70  14:18  Zealot  
  70  14:19  Zealot x3  
  70  14:21  Probe  
  70  14:22  Probe  
  80  14:26  Archon  
  80  14:29  Stalker x2  
  84  14:33  Probe  
  77  15:32  Stalker  
  77  15:33  Zealot  
  77  15:34  Zealot  
  77  15:35  Zealot x2  
  85  15:37  Sentry x2  
  80  15:45  Probe (Chrono Boost)  
  80  15:49  Probe (Chrono Boost)  
  82  16:00  Probe (Chrono Boost)  
  62  16:06  Stalker x3  
  60  16:15  Pylon  
  60  16:17  Pylon  
  60  16:20  Pylon  
  57  16:59  High Templar x4  
  57  17:00  High Templar  
  67  17:14  Archon x2  
  67  17:21  Zealot  
  6  19:17  High Templar x5  
  6  19:18  High Templar x2  
  20  19:25  Archon  
  20  19:26  Archon x2  
Show
View Real Time Build Order
Export as new Build Order

Tauchl Terran 

Build Orders:  

Get SALT Encoding   

  12  0:03  SCV  
  13  0:15  SCV  
  14  0:25  Supply Depot  
  14  0:27  SCV  
  15  0:31  Refinery  
  15  0:49  Barracks  
  15  0:52  SCV  
  16  1:04  SCV  
  17  1:17  Barracks  
  17  1:26  SCV  
  18  1:38  SCV  
  18  1:39  Barracks Reactor  
  19  1:43  Supply Depot  
  19  1:50  Refinery  
  19  1:59  Factory  
  19  2:03  SCV  
  19  2:08  Barracks Tech Lab  
  20  2:14  Supply Depot  
  20  2:23  Marine  
  20  2:24  Marine  
  22  2:34  Marine  
  23  2:41  Marine  
  24  2:44  Supply Depot, Factory Tech Lab  
  24  3:02  Marine x2  
  24  3:04  Siege Tank  
  29  3:17  Marine  
  30  3:20  Marine  
  31  3:28  Orbital Command  
  31  3:37  Widow Mine  
  31  3:41  Combat Shields  
  33  3:49  Starport  
  30  4:25  Siege Tank  
  33  4:54  Marine x2  
  33  4:55  Marine  
  33  4:57  Siege Tank  
  37  5:12  Marine x3  
  37  5:24  Starport Tech Lab  
  37  5:29  Siege Tank  
  37  5:30  Marine x3  
  43  5:48  Marine x3  
  46  6:05  Marine  
  46  6:10  Marine x2  
  46  6:11  Medivac  
  51  6:23  Marine  
  52  6:28  Marine  
  53  6:40  Medivac  
  55  7:22  Command Center  
  55  7:32  Raven  
  55  7:33  Siege Tank  
  45  8:05  Siege Tank  
  48  8:25  Marine x2  
  48  8:26  Marine  
  51  8:38  Siege Tank  
  54  8:43  Marine x3  
  57  9:01  Marine x2  
  59  9:10  Siege Tank  
  59  9:14  SCV  
  63  9:18  Supply Depot  
  63  9:25  Medivac  
  63  9:26  SCV  
  66  9:38  SCV  
  66  9:42  Widow Mine  
  69  9:50  Unknown  
  69  9:51  SCV  
  70  9:55  Medivac  
  72  10:03  SCV, Widow Mine  
  65  10:25  Widow Mine, Viking  
  53  10:46  Widow Mine  
  53  10:48  Marine x3  
  58  10:54  Supply Depot  
  58  10:56  SCV  
  59  11:01  Refinery  
  59  11:05  Marine  
  59  11:06  Marine x2  
  59  11:07  Siege Tank  
  59  11:08  SCV  
  66  11:17  Armory  
  66  11:18  Refinery  
  66  11:20  SCV  
  66  11:23  Marine x2  
  66  11:24  Marine  
  70  11:32  SCV  
  73  11:40  Widow Mine  
  73  11:41  Marine  
  73  11:44  SCV  
  77  12:01  Widow Mine  
  77  12:05  Factory  
  77  12:18  Supply Depot  
  77  12:22  Siege Tank  
  80  12:40  Supply Depot  
  78  12:54  Siege Tank  
  73  13:08  Banshee  
  73  13:11  Cloaking Field  
  75  13:15  Factory Tech Lab  
  75  13:26  Siege Tank  
  78  14:08  SCV  
  77  14:11  Banshee  
  77  14:12  Widow Mine  
  65  14:20  SCV  
  43  14:32  SCV  
  43  14:33  Widow Mine  
  46  14:44  SCV  
  47  14:54  Widow Mine, Banshee  
  47  14:57  SCV  
  53  15:09  SCV  
  51  15:16  Widow Mine  
  51  15:21  SCV  
  54  15:33  SCV  
  55  15:36  Banshee  
  58  15:48  Terran Ship Weapons Level 1  
  58  16:06  Refinery  
  58  16:16  Starport  
  58  16:21  Widow Mine  
  63  16:42  Widow Mine  
  65  16:49  Viking  
  64  16:58  Starport Reactor  
  64  17:04  Widow Mine  
  66  17:19  Viking  
  68  17:25  Widow Mine  
  70  17:42  Terran Vehicle And Ship Armor Level 1  
  68  17:46  Widow Mine  
  68  17:48  Viking  
  62  18:18  Viking  
  40  18:48  Viking  
Tags
 
Add a new tag
Caveats
  • Supply blocks, unpowered buildings, or Contaminate may cause inaccurate times.
  • Supply counts are checked every 10 seconds.